 Dungeon Crawl Stone Soup version 0.26-a0-543-ge420d365 (webtiles) character file.

Game seed: 10134660927936262954

3671 MrTaco21 the Basher (level 10, -2/58 HPs)
             Began as a Gargoyle Fighter on Aug 18, 2020.
             Slain by a yak (5 damage)
             ... on level 8 of the Dungeon.
             The game lasted 00:17:52 (10965 turns).

MrTaco21 the Basher (Gargoyle Fighter)             Turns: 10965, Time: 00:17:53

Health: -2/58      AC: 22    Str: 24    XL:     10   Next: 13%
Magic:  10/10      EV:  6    Int:  8    God:
Gold:   403        SH: 10    Dex:  9    Spells: 9/9 levels left

rFire    . . .     SeeInvis +   L - +4 mace (freeze)
rCold    . . .     Faith    .   c - +0 kite shield
rNeg     + . .     Spirit   .   y - +0 chain mail
rPois    ∞         Reflect  .   P - +1 helmet
rElec    +         Harm     .   p - +1 cloak
rCorr    +                      b - +0 pair of gloves
MR       .....                  D - +0 pair of boots
Stlth    ..........             (no amulet)
HPRegen  0.19/turn              r - ring of resist corrosion
MPRegen  0.12/turn              z - ring of see invisible

@: no status effects
A: negative energy resistance 1, electricity resistance, unbreathing,
petrification resistance, rot immunity, AC +7
a: no special abilities


You were on level 8 of the Dungeon.
You visited 2 branches of the dungeon, and saw 10 of its levels.
You also visited: Ossuary.

You collected 403 gold pieces.

Inventory:

Hand Weapons
 q - a +3 whip
   (You took it off a gnoll on level 2 of the Dungeon)
 L - a +4 mace of freezing (weapon)
   (You took it off a wight on level 7 of the Dungeon)
Armour
 b - a +0 pair of gloves (worn)
   (You found it on level 5 of the Dungeon)
 c - a +0 kite shield (worn)
 p - a +1 cloak (worn)
   (You took it off Crazy Yiuf on level 2 of the Dungeon)
 y - a +0 chain mail (worn)
   (You took it off an orc on level 4 of the Dungeon)
 D - a +0 pair of boots (worn)
   (You found it on level 4 of the Dungeon)
 J - a +0 plate armour
   (You took it off an orc warrior on level 6 of the Dungeon)
 P - a +1 helmet (worn)
   (You found it on level 8 of the Dungeon)
Jewellery
 r - a ring of resist corrosion (left hand)
   (You found it on level 4 of the Dungeon)
 z - a ring of see invisible (right hand)
   (You found it on level 5 of the Dungeon)
Wands
 t - a wand of flame (14)
   (You found it in an ossuary)
 N - a wand of polymorph (4)
   (You found it on level 7 of the Dungeon)
Scrolls
 f - 2 scrolls of enchant armour {unknown}
 i - a scroll of random uselessness {unknown}
 j - 13 scrolls of identify {@r1}
 k - 5 scrolls of remove curse {@r2}
 n - 7 scrolls of teleportation {unknown}
 o - 2 scrolls of magic mapping {unknown}
 s - 2 scrolls of blinking {unknown}
 u - 5 scrolls of amnesia {unknown}
 w - a scroll of vulnerability {unknown}
 A - 2 scrolls of immolation {unknown}
 B - 4 scrolls of enchant weapon {unknown}
 C - a scroll of fear {unknown}
 F - a scroll of noise {unknown}
 G - a scroll of summoning {unknown}
 I - a scroll of torment {unknown}
Potions
 d - 3 potions of might
 e - 2 potions of invisibility {unknown}
 g - a potion of resistance {unknown}
 h - 2 potions of heal wounds {unknown}
 l - 3 potions of flight {unknown}
 m - 3 potions of brilliance {unknown}
 v - 2 potions of stabbing {unknown}
 x - 3 potions of haste {unknown}
 E - a potion of berserk rage {unknown}
 H - a potion of degeneration {unknown}
 K - a potion of curing {unknown}
 M - a potion of mutation {unknown}
 O - a potion of ambrosia {unknown}


   Skills:
 - Level 4.6 Fighting
 + Level 13.2 Maces & Flails
 - Level 3.2 Armour
 - Level 4.6 Shields


You had 9 spell levels left.
You didn't know any spells.
Your spell library was empty.

Dungeon Overview and Level Annotations

Branches:
Dungeon (9/15)             Temple (1/1) D:4         Ossuary (visited)
   Lair: D:8-11         Orc: D:9-12

Altars:
Ashenzari
Cheibriados
Dithmenos
Elyvilon
Fedhas
Gozag
Hepliaklqana
Kikubaaqudgha
Makhleb
Nemelex Xobeh
Qazlal
Ru
Sif Muna
Trog
Uskayaw
Vehumet
Wu Jian
Xom
Yredelemnul
Zin
The Shining One

Shops:
D:4 !   D:7 [   D:8 [


Innate Abilities, Weirdness & Mutations

You are resistant to torment.
Your stone body is resilient. (AC +7)
You are immune to poison.
You resist negative energy. (rN+)
You are resistant to electric shocks. (rElec)
You can survive without breathing.
You are immune to petrification.
You are immune to rotting.


Message History

You kill the yak!
No target in view!
No target in view!
No target in view!
No target in view!
No target in view!
You start resting.
Done exploring.
Done exploring.
Done exploring.
You climb downwards.
An ice beast comes into view.
The ufetubus shouts!
The leopard gecko barely misses you.
There is a stone staircase leading up here.
The yak gores you but does no damage.
You climb upwards.
There is a stone staircase leading down here.
You barely miss the white ugly thing.
The white ugly thing tail-slaps you but does no damage.
The yak gores you but does no damage.
You hit the white ugly thing.
The white ugly thing tail-slaps you but does no damage.
The yak gores you but does no damage.
You hit the white ugly thing but do no damage.
The white ugly thing tail-slaps you but does no damage.
The yak gores you but does no damage.
You bludgeon the white ugly thing!! You freeze the white ugly thing.
The white ugly thing tail-slaps you but does no damage.
You block the yak's attack.
You closely miss the white ugly thing.
The white ugly thing closely misses you.
The yak gores you but does no damage.
You closely miss the white ugly thing. You closely miss the white ugly thing.
You block the white ugly thing's attack.
The yak gores you but does no damage.
You hit the white ugly thing but do no damage.
The white ugly thing tail-slaps you. The white ugly thing freezes you!!
The yak gores you!
* * * LOW HITPOINT WARNING * * *
You barely miss the yak. The white ugly thing tail-slaps you.
* * * LOW HITPOINT WARNING * * *
The white ugly thing freezes you!!
* * * LOW HITPOINT WARNING * * *
You block the yak's attack.
You thump the yak! You freeze the yak.
The white ugly thing tail-slaps you but does no damage.
The yak gores you.
You die...

#.#.###.#.#
#.#...#.#.#######
#.#.............#
#.#...#.#.#####.#
##.........# #<#
.........### #.#
#####.#### #.# #.# #u#
#># #@# ##'##
###Y##### ##...##
#.......# ##.....##
#.#...#.# ##.......##
#..##.#.#
#.........####...#.#.#
'.........'.)........#
#.........####...#.###
##.......## ##......#


You could see a white ugly thing and a yak.

Vanquished Creatures
  2 yaks (D:8)
  6 ice beasts
  A black bear (D:6)
  A sky beast (D:6)
  3 ogres
  3 orc warriors
  A phantom (D:6)
  A centaur (D:5)
  3 elf zombies (Ossuary)
  A bullfrog (D:7)
  2 scorpions
  9 wights
  A bullfrog zombie (D:4)
  2 human zombies (Ossuary)
  4 orc priests (D:5)
  Crazy Yiuf (D:2)
  A bullfrog skeleton (D:7)
  A gnoll shaman (D:2)
  6 orc wizards
  3 iguanas
  4 worker ants
  3 big kobold zombies (Ossuary)
  2 hound skeletons (D:6)
  2 mummies (Ossuary)
  2 worker ant zombies
  8 adders
  11 gnolls
  3 shadow imps
  2 white imps
  2 oozes (D:1)
  2 adder skeletons (D:7)
  An adder zombie (D:7)
  2 worms (D:5)
  2 dart slugs
  4 leopard geckos
  40 orcs
  3 ball pythons
  7 giant cockroaches
  10 hobgoblins
  4 jackals (D:1)
  16 kobolds
  A quokka (D:8)
  3 bats
  5 frilled lizards
  A giant cockroach zombie (D:6)
  14 goblins
  A goblin zombie (Ossuary)
  11 hobgoblin zombies (Ossuary)
  A jackal zombie (Ossuary)
  9 kobold zombies (Ossuary)
  5 orc zombies (Ossuary)
  5 rats
  A rat zombie (Ossuary)
  A spectral orc (D:5)
240 creatures vanquished.

Vanquished Creatures (others)
  5 dream sheep (D:7)
5 creatures vanquished.

Grand Total: 245 creatures vanquished

Notes
Turn   | Place    | Note
-------+----------+-------------------------------------------
     0 | D:1      | MrTaco21 the Gargoyle Fighter began the quest for the Orb.
     0 | D:1      | Reached XP level 1. HP: 14/14 MP: 1/1
   109 | D:1      | Reached XP level 2. HP: 18/19 MP: 2/2
   242 | D:1      | Reached skill level 3 in Maces & Flails
   485 | D:1      | Reached XP level 3. HP: 21/23 MP: 3/3
   950 | D:1      | Found a shattered altar of Ashenzari.
  1028 | D:2      | Found a runed translucent door.
  1029 | D:2      | Noticed Crazy Yiuf
  1207 | D:2      | Reached skill level 4 in Maces & Flails
  1318 | D:2      | Reached XP level 4. HP: 19/28 MP: 4/4
  1616 | D:2      | Found a hazy altar of Hepliaklqana.
  1617 | D:2      | Found a glowing golden altar of the Shining One.
  1832 | D:2      | Killed Crazy Yiuf
  2165 | D:3      | Reached skill level 5 in Maces & Flails
  2165 | D:3      | Reached XP level 5. HP: 30/32 MP: 5/5
  2609 | D:3      | Found a snail-covered altar of Cheibriados.
  2682 | D:3      | Reached skill level 6 in Maces & Flails
  3136 | D:3      | Reached XP level 6. HP: 37/37 MP: 6/6
  3441 | D:4      | Got a jewelled leather armour
  3448 | D:4      | Found a sand-covered staircase.
  3456 | Ossuary  | Entered an ossuary
  3468 | Ossuary  | Identified the +1 leather armour of the Shrike {Harm rC+}
                  | (You found it on level 4 of the Dungeon)
  3721 | Ossuary  | Reached skill level 7 in Maces & Flails
  3734 | Ossuary  | Reached XP level 7. HP: 22/41 MP: 7/7
  3995 | Ossuary  | Reached skill level 8 in Maces & Flails
  4266 | D:4      | Found Tywanabu's Distillery.
  4646 | D:4      | Found a staircase to the Ecumenical Temple.
  4768 | Temple   | Entered the Ecumenical Temple
  5004 | D:5      | Entered Level 5 of the Dungeon
  5677 | D:5      | Reached skill level 9 in Maces & Flails
  5677 | D:5      | Reached XP level 8. HP: 40/46 MP: 8/8
  6780 | D:5      | Reached skill level 10 in Maces & Flails
  7084 | D:5      | Found a basalt altar of Yredelemnul.
  7675 | D:6      | Reached skill level 11 in Maces & Flails
  7910 | D:6      | Reached XP level 9. HP: 50/51 MP: 9/9
  8863 | D:7      | Reached skill level 12 in Maces & Flails
  9138 | D:7      | Found Ibupt's Antique Armour Shoppe.
  9152 | D:7      | Found a shimmering altar of Xom.
  9859 | D:8      | Found Itwacac's Antique Armour Shop.
 10568 | D:9      | Reached XP level 10. HP: 46/58 MP: 10/10
 10663 | D:9      | Reached skill level 13 in Maces & Flails
 10859 | D:9      | Noticed a white ugly thing
 10965 | D:8      | Slain by a yak

Illustrated notes

Levels and vault maps discovered:
D:1:      dpeg_arrival_renting, layout_basic, serial_bayou_lagoon_a,
          kennysheep_decorative_pillar, evilmike_ruin_ashenzari
D:2:      layout_basic, minitemple, uniq_crazy_yiuf_cottage
D:3:      corexii_shack_village, layout_basic, lemuel_crystal_altar
D:4:      layout_loops_ring, lemuel_temple_firewalk_b, enter_ossuary_5,
          serial_shops, shop
D:5:      layout_cave_pods, yredelemnul_forgotten_temple_becter
D:6:      layout_layer_cave
D:7:      layout_loops_cross, serial_shops, nicolae_shop_waterfront,
          kb_xom_exploding_sheep
D:8:      layout_loops_corners, serial_shops, nicolae_shop_statue_plus
D:9:      layout_rooms, okawaru_altar_gauntlet_db, serial_ice, serial_ice_b,
          serial_ice_l, serial_ice_o, serial_ice_m, serial_ice_d, serial_ice_g,
          serial_ice_n, serial_ice_h
Temple:   minmay_crystal_spiral_temple

Skill      XL: |  1  2  3  4  5  6  7  8  9 10 |
---------------+-------------------------------+-----
Maces & Flails | 3 4 5 6 7 9 11 12 13 | 13.2
Fighting       | 4 |  4.6
Shields        | 4 |  4.6
Armour         | |  3.2

Action                   |  1- 3 |  4- 6 |  7- 9 | 10-12 || total
-------------------------+-------+-------+-------+-------++-------
Melee: Flail             |   135 |    59 |       |       ||   194
       Whip              |       |   210 |   596 |       ||   806
       Mace              |       |       |   113 |    41 ||   154
Throw: Throwing net      |       |       |     1 |       ||     1
  Use: Scroll            |       |       |     2 |       ||     2
Armor: Scale mail        |   122 |    95 |    98 |       ||   315
       Chain mail        |       |       |   176 |    22 ||   198
Dodge: Dodged            |    60 |    59 |   112 |    13 ||   244
Block: Kite shield       |    88 |    96 |   218 |    24 ||   426

Table legend: (Time is in decaauts)
 A = Elapsed time spent in this place.
 B = Non-inter-level travel time spent in this place.
 C = Inter-level travel time spent in this place.
 D = Time resting spent in this place.
 E = Time spent auto-exploring this place.
 F = Levels seen in this place.
 G = Mean time per level.
                   A        B        C        D        E       F      G
               +--------+--------+--------+--------+--------+-----+--------+
         Total |  10821 |  10292 |    529 |   2169 |   6112 |  11 |  983.7 |
       Dungeon |  10028 |   9582 |    446 |   2038 |   5806 |   9 | 1114.2 |
        Temple |    167 |     84 |     83 |      0 |     83 |   1 |  167.0 |
       Ossuary |    625 |    625 |      0 |    131 |    223 |   1 |  625.0 |
               +--------+--------+--------+--------+--------+-----+--------+

Top non-repeatable levels by time:
     D:4: 1848 daAuts
     D:5: 1448 daAuts
     D:2: 1386 daAuts
     D:6: 1324 daAuts
     D:8: 1147 daAuts
     D:1: 1033 daAuts
     D:3: 906 daAuts
     D:7: 792 daAuts
 Ossuary: 625 daAuts
  Temple: 167 daAuts
     D:9: 141 daAuts
